 Dungeon Crawl Stone Soup version 0.26.0-10-g1f06aea511 (webtiles) character file.

Game seed: 5200822713606201104

2312 Amaterasu the Cleaver (level 9, -6/96 (102) HPs)
             Began as a Demonspawn Fighter on Jan 25, 2021.
             Was an Initiate of Gozag.
             Mangled by a death yak (14 damage)
             ... on level 8 of the Dungeon.
             The game lasted 00:08:08 (6434 turns).

Amaterasu the Cleaver (Demonspawn Fighter)          Turns: 6434, Time: 00:08:10

HP:   -6/96 (102)   AC: 14    Str: 20    XL:     9   Next: 18%
MP:   9/9           EV:  7    Int: 11    God:    Gozag
Gold: 77            SH: 10    Dex: 13    Spells: 8/8 levels left

rFire    + . .     SeeInvis +   a - +0 war axe
rCold    + . .     Faith    .   c - +0 kite shield
rNeg     + . .     Spirit   .   u - +2 chain mail {rC+}
rPois    +         Reflect  .   (no helmet)
rElec    .         Harm     .   (no cloak)
rCorr    .         Rampage  .   j - +0 pair of gloves "Zuesuf" {Int+4}
Will     +....                  (boots unavailable)
Stlth    ..........             (no amulet)
HPRegen  0.26/turn              h - ring of see invisible
MPRegen  0.11/turn              x - ring of Daisies {rPois rF+ rN+ Will+ Int-2 Stlth+}

@: mighty, berserking (expiring), drained, very quick
A: hooves 3, yellow scales 1, powered by death 1, spiny 1
a: Renounce Religion, Potion Petition, Call Merchant, Bribe Branch


You were on level 8 of the Dungeon.
You worshipped Gozag.
Gozag was noncommittal.
You visited 1 branch of the dungeon, and saw 8 of its levels.

You collected 1222 gold pieces.
You spent 1111 gold pieces at shops.
You paid 34 gold pieces to Gozag.

Inventory:

Hand Weapons
 a - a +0 war axe (weapon)
Armour
 c - a +0 kite shield (worn)
 j - the +0 pair of gloves "Zuesuf" (worn) {Int+4}
   (You found it on level 4 of the Dungeon)

   It affects your intelligence (+4).
 u - a +2 chain mail of cold resistance (worn)
Jewellery
 h - a ring of see invisible (left hand)
 x - the ring of Daisies (right hand) {rPois rF+ rN+ Will+ Int-2 Stlth+}
   (You acquired it on level 7 of the Dungeon)

   [ring of positive energy]

   It affects your intelligence (-2).
   It protects you from fire.
   It protects you from poison.
   It protects you from negative energy.
   It affects your willpower, your defense against some magical effects.
   It makes you more stealthy.
Wands
 g - a wand of random effects (38)
 s - a wand of iceblast (14)
 v - a wand of acid (7)
Scrolls
 e - a scroll of amnesia
 o - 2 scrolls of remove curse
 r - 3 scrolls of teleportation
Potions
 b - a potion of attraction
 d - a potion of might
 f - 6 potions of curing
 i - 2 potions of magic
 l - a potion of ambrosia
 n - 2 potions of mutation {unknown}
 p - a potion of lignification {unknown}
 q - a potion of cancellation {unknown}
 t - a potion of invisibility {unknown}


   Skills:
 * Level 5.5 Fighting
 - Level 8.0 Axes
 * Level 4.7 Armour
 * Level 2.9 Dodging
 * Level 4.8 Shields
 * Level 2.1 Evocations


You had 8 spell levels left.
You didn't know any spells.
Your spell library contained the following spells:

 Spells                   Type           Power        Failure   Level
 Beastly Appendage        Tmut           0%           100%        1
 Wereblood                Tmut           0%           100%        2
 Spider Form              Tmut/Pois      0%           100%        3
 Ice Form                 Ice/Tmut       0%           100%        4
 Blade Hands              Tmut           0%           100%        5


Dungeon Overview and Level Annotations

Branches:
Dungeon (8/15)             Temple (0/1) D:5
   Lair: D:8-11

Altars:
Ashenzari
Dithmenos
Elyvilon
Fedhas
Gozag
Hepliaklqana
Kikubaaqudgha
Sif Muna
Uskayaw
Vehumet
Wu Jian
Yredelemnul

Shops:
D:6 [   D:7 ?

Annotations:
D:6 exclusion: statue
D:8 Harold


Innate Abilities, Weirdness & Mutations

You have hooves in place of feet.
You are partially covered in yellow scales. (AC +2)
You regenerate a little health from kills.
You are partially covered in sharp spines.


Message History

* * * LOW HITPOINT WARNING * * *
The wight barely misses you.
You struggle against the net.
You feel a strong urge to attack something.
The death yak is struck by your spines. The death yak barely misses you.
Harold is struck by your spines. Harold hits you but does no damage.
You struggle against the net.
The wight is no longer distracted by gold.
The death yak gores you but does no damage.
The death yak gores you!
* * * LOW HITPOINT WARNING * * *
The wight hits you but does no damage.
You rip the net and break free!
You feel your anger nearly subside.
The wight hits you from afar with a cursed +5 trident.
* * * LOW HITPOINT WARNING * * *
You partially resist.
You feel drained. You block Harold's attack.
The death yak is struck by your spines. The death yak gores you!
You die...
Your body crumbles into a pile of gold. .. ###. #####... $ ##...#... #....#..# .. . #.......### rrr(.

........#.###Yrr..
........$@@Yzzrrr.
........$.Yzz#5#..
#..#.#.......#
######.......#
###..........##
#)............#
#.............#
##.#.<...####...
####....# ...


You could see 3 death yaks, Harold, 2 hell rats, 4 wights, 2 river rats, a
shadow imp, a quokka and a rat.

Vanquished Creatures
  Pikel (D:8)
  Menkaure (D:6)
  Edmund (D:6)
  A phantom (D:5)
  An ogre (D:4)
  4 lemures (D:8)
  A big kobold (D:5)
  3 bullfrogs
  2 scorpions
  A wight (D:8)
  3 howler monkeys
  2 centaur zombies
  3 hounds
  A bullfrog skeleton (D:6)
  A jelly (D:5)
  A centaur skeleton (D:6)
  2 orc priests (D:6)
  8 orc wizards
  5 worker ants
  2 hound skeletons
  A howler monkey zombie (D:5)
  A worker ant zombie (D:5)
  8 adders
  3 white imps
  An ooze (D:4)
  An adder skeleton (D:5)
  6 worms
  3 dart slugs
  3 leopard geckos
  29 orcs
  4 giant cockroaches
  7 hobgoblins
  24 kobolds
  3 quokkas
  7 bats
  5 frilled lizards
  2 gnoll zombies (D:2)
  A goblin (D:3)
  2 quokka skeletons
  5 rats
160 creatures vanquished.

Vanquished Creatures (others)
  32 plants
32 creatures vanquished.

Grand Total: 192 creatures vanquished

Notes
Turn   | Place    | Note
-------+----------+-------------------------------------------
     0 | D:1      | Amaterasu the Demonspawn Fighter began the quest for the
                  | Orb.
     0 | D:1      | Reached XP level 1. HP: 18/18 MP: 1/1
   396 | D:1      | Reached skill level 2 in Axes
   856 | D:2      | Gained mutation: You have large cloven feet. [demonic
                  | ancestry]
   856 | D:2      | Reached XP level 2. HP: 18/24 MP: 2/2
  1000 | D:2      | Reached skill level 3 in Axes
  1215 | D:2      | Gained mutation: You are partially covered in yellow
                  | scales. (AC +2) [demonic ancestry]
  1215 | D:2      | Reached XP level 3. HP: 20/29 MP: 3/3
  1464 | D:2      | Found an opulent altar of Gozag.
  1526 | D:2      | Became a worshipper of Gozag Ym Sagoz the Greedy
  1677 | D:2      | Found a hazy altar of Hepliaklqana.
  1904 | D:2      | Found a basalt altar of Yredelemnul.
  2511 | D:3      | Noticed a scorpion
  2518 | D:3      | Killed a scorpion
  2519 | D:3      | Reached skill level 4 in Axes
  2519 | D:3      | Gained mutation: You regenerate a little health from kills.
                  | [demonic ancestry]
  2519 | D:3      | Reached XP level 4. HP: 18/35 MP: 4/4
  2696 | D:3      | Gained mutation: You have hoof-like feet. [demonic
                  | ancestry]
  2696 | D:3      | Reached XP level 5. HP: 39/41 MP: 5/5
  2940 | D:3      | Reached skill level 5 in Axes
  2977 | D:3      | You fall into a shaft and drop 1 floor!
  2996 | D:4      | Got a pair of masterwork gloves
  3004 | D:4      | Identified the cursed +0 pair of gloves "Zuesuf" {Int+4}
                  | (You found it on level 4 of the Dungeon)
  3342 | D:4      | Noticed an ogre
  3346 | D:4      | Killed an ogre
  3347 | D:4      | Reached skill level 1 in Dodging
  3347 | D:4      | Gained mutation: You are partially covered in sharp spines.
                  | [demonic ancestry]
  3347 | D:4      | Reached XP level 6. HP: 35/47 MP: 4/6
  3513 | D:4      | Found an ancient bone altar of Kikubaaqudgha.
  3719 | D:5      | Entered Level 5 of the Dungeon
  3921 | D:5      | Gained mutation: You have hooves in place of feet. [demonic
                  | ancestry]
  3921 | D:5      | Reached XP level 7. HP: 54/54 MP: 7/7
  4095 | D:5      | Found a staircase to the Ecumenical Temple.
  4323 | D:5      | Found a blossoming altar of Fedhas.
  4561 | D:5      | Reached skill level 5 in Fighting
  5089 | D:6      | Found a blossoming altar of Fedhas.
  5100 | D:6      | Found a radiant altar of Vehumet.
  5114 | D:6      | Reached skill level 6 in Axes
  5114 | D:6      | Reached XP level 8. HP: 41/62 MP: 8/8
  5140 | D:6      | Found a broken altar of Ashenzari.
  5141 | D:6      | Found a shimmering blue altar of Sif Muna.
  5145 | D:6      | Found an ornate altar of the Wu Jian Council.
  5206 | D:6      | Found an opulent altar of Gozag.
  5244 | D:6      | Found Korecuc's Armour Shoppe.
  5275 | D:6      | Noticed Edmund
  5283 | D:6      | Reached skill level 7 in Axes
  5292 | D:6      | Killed Edmund
  5417 | D:6      | Noticed Menkaure
  5425 | D:6      | Killed Menkaure
  5426 | D:6      | Reached skill level 8 in Axes
  5716 | D:6      | Bought a +2 chain mail of cold resistance for 279 gold
                  | pieces
  5766 | D:6      | Found a broken altar of Ashenzari.
  5802 | D:6      | Noticed a +0 dagger
  5802 | D:6      | Noticed a +0 dagger
  5812 | D:6      | Found a hide-covered altar of Uskayaw.
  5878 | D:7      | Found a shadowy altar of Dithmenos.
  5975 | D:7      | Reached skill level 1 in Evocations
  6026 | D:7      | Found a white marble altar of Elyvilon.
  6167 | D:7      | Found Fiosuoch's Magic Scroll Emporium.
  6259 | D:7      | Bought a scroll of acquirement for 832 gold pieces
  6259 | D:7      | Acquired the ring of Daisies {rPois rF+ rN+ Will+ Int-2
                  | Stlth+}
  6389 | D:8      | Noticed Pikel
  6405 | D:8      | Killed Pikel
  6406 | D:8      | Reached XP level 9. HP: 61/68 MP: 9/9
  6412 | D:8      | Noticed a death yak
  6419 | D:8      | Noticed a death yak
  6419 | D:8      | Noticed Harold
  6421 | D:8      | Noticed a death yak
  6434 | D:8      | Mangled by a death yak

Illustrated notes

Levels and vault maps discovered:
D:1:      saegor_arrival_miasma, layout_basic, hangedman_decor_growths
D:2:      layout_loops_ring, nicolae_overflow_hidden_temple,
          lemuel_zombie_altar_yredelemnul, serial_bayou, serial_bayou_pond_a,
          serial_bayou_pond_c, serial_bayou_pond_e, serial_bayou_ford_a,
          chequers_serial_rivers_room_a, roderic_roman_lattice,
          nicolae_gozag_cash_rules_everything_around_me
D:3:      layout_loops_ring
D:4:      layout_gridville, lemuel_round_altar
D:5:      kennysheep_kobold_camp, layout_loops_corners, kennysheep_little_box,
          minmay_temple_entry_junction, chequers_serial_rivers_large_a,
          columned_hall_lemuel, chequers_garden
D:6:      layout_rooms, lemuel_doored_altar, vehumet_statue,
          dancing_weapons_uskayaw, minitemple, basic_altar, serial_shops,
          nicolae_shop_window_shopping, evilmike_ruin_ashenzari, uniq_menkaure,
          uniq_edmund
D:7:      layout_rooms, nicolae_dithmenos_the_darkroom, elyvilon_altar_1,
          serial_shops, nicolae_shop_window_shopping
D:8:      layout_cave_pools, makhleb_grotto_becter, dpeg_lair_monsters,
          uniq_pikel, uniq_harold, uniq_maurice

Skill      XL: |  1  2  3  4  5  6  7  8 |
---------------+-------------------------+-----
Axes           | 2 3 4 5 6 8 |  8.0
Armour         | 3 4 |  4.7
Dodging        | 1 2 |  2.9
Shields        | 3 4 |  4.8
Fighting       | 4 5 |  5.5
Evocations     | 2 |  2.1

Action                   |  1- 3 |  4- 6 |  7- 9 || total
-------------------------+-------+-------+-------++-------
Melee: War axe           |    95 |   124 |   184 ||   403
       Kick              |    13 |    33 |    53 ||    99
  Use: Scroll            |     5 |     4 |     5 ||    14
       Potion            |       |       |     6 ||     6
 Stab: Distracted        |       |       |     2 ||     2
Armor: Scale mail        |    36 |    66 |    41 ||   143
       Chain mail        |       |       |    52 ||    52
Dodge: Dodged            |    19 |    34 |    53 ||   106
Block: Kite shield       |    44 |    55 |    98 ||   197
